 Dungeon Crawl Stone Soup version 0.24-a0-417-g1cce26a (webtiles) character file.

Game seed: 14975371360491955289

84 CanOfBees the Magician (level 4, 0/25 HPs)
             Began as a Deep Elf Wizard on June 10, 2019.
             Slain by Grinder (11 damage)
             ... on level 3 of the Dungeon.
             The game lasted 00:07:39 (5166 turns).

CanOfBees the Magician (Deep Elf Wizard)            Turns: 5166, Time: 00:07:40

Health: 0/25       AC:  2    Str:  4    XL:     4   Next: 24%
Magic:  5/12       EV: 13    Int: 24    God:
Gold:   115        SH:  0    Dex: 13    Spells: 1/12 levels left

rFire    . . .     SeeInvis .   c - +0 short sword (flame)
rCold    . . .     Gourm    .   (no shield)
rNeg     . . .     Faith    .   a - +0 robe
rPois    .         Spirit   .   b - +0 hat
rElec    .         Reflect  .   (no cloak)
rCorr    .         Harm     .   (no gloves)
MR       .....                  (no boots)
Stlth    ++........             (no amulet)
HPRegen  0.08/turn              (no ring)
MPRegen  0.13/turn              (no ring)

@: no status effects
A: no striking features
a: no special abilities


You were on level 3 of the Dungeon.
You were hungry.

You visited 1 branch of the dungeon, and saw 3 of its levels.

You collected 115 gold pieces.

Inventory:

Hand Weapons
 c - a +0 short sword of flaming (weapon)
 l - a +1 antimagic whip
Missiles
 g - 23 sling bullets
 i - 12 bolts
 j - 21 arrows
Armour
 a - a +0 robe (worn)
 b - a +0 hat (worn)
Wands
 e - a wand of random effects (22)
Scrolls
 f - a scroll of teleportation {unknown}
 h - a scroll of remove curse {unknown}
 k - 2 scrolls of noise
 m - 3 scrolls of magic mapping
 o - a scroll of amnesia {unknown}
Potions
 n - 2 potions of cancellation {unknown}
Comestibles
 d - 4 rations


   Skills:
 + Level 1.1 Fighting
 - Level 3.0 Dodging
 - Level 3.0 Stealth
 + Level 4.9 Spellcasting
 + Level 2.0 Conjurations
 - Level 0.3 Hexes
 * Level 2.3 Summonings
   Level 1.1 Translocations


You had one spell level left.
You knew the following spells:

 Your Spells              Type           Power        Failure   Level  Hunger
a - Magic Dart            Conj           ###.         3%          1    None
b - Call Imp              Summ           ###.....     5%          2    None
c - Slow                  Hex            #.......     12%         2    None
d - Conjure Flame         Conj/Fire      ##......     17%         3    ##.....
e - Mephitic Cloud        Conj/Pois/Air  #.......     21%         3    ##.....

Your spell library contained the following spells:

 Spells                   Type           Power        Failure   Level  Hunger
 Blink                    Tloc           N/A          9%          2    None


Dungeon Overview and Level Annotations

Branches:
Dungeon (3/15)

Altars:

Annotations:
D:3 Grinder


Message History

A beastly little devil appears in a puff of flame.
Grinder gestures at you. Pain shoots through your body!
Your crimson imp barely misses Grinder.
You barely miss Grinder.
Your white imp hits Grinder.
Your white imp freezes Grinder.
Grinder completely resists.
Grinder completely misses you.
Your crimson imp hits Grinder but does no damage.
Your crimson imp blinks!
Your white imp barely misses Grinder.
You closely miss Grinder.
Grinder is lightly wounded.
Grinder hits you.
You writhe in agony.
Your crimson imp blinks!
Your white imp hits Grinder.
Your white imp freezes Grinder.
Grinder completely resists.
You hit Grinder but do no damage.
Grinder is lightly wounded.
Grinder hits you!
You die...

...............................).
.#.#.#.###.#.##.#################
.#+#...###.#.##.# #
...........#.##.# #
.....).....#.##.# #
...........#.##.### #
.#.........#......# #
...#########.....5####### #
.#..... #....@5'.....# # .######
#.5...ยง#####.# # .. #.....##
##'## # ##### #####.# #.5.# ##..#
#.# #...# .#..# #.# #...# .#..#
.5# #...# ....# #########...#
##.##.# ........5...#


You could see Grinder, 2 friendly crimson imps and a friendly white imp.

Vanquished Creatures
  3 dart slugs
  2 leopard geckos (D:1)
  A giant cockroach (D:1)
  11 goblins
  10 hobgoblins
  2 quokkas (D:2)
  5 bats (D:2)
  3 frilled lizards
  7 kobolds
  6 rats
50 creatures vanquished.

Vanquished Creatures (collateral kills)
  Ijyb (D:3)
  An adder (D:3)
  A worm (D:3)
  A hobgoblin (D:1)
  A kobold (D:3)
5 creatures vanquished.

Grand Total: 55 creatures vanquished

Notes
Turn   | Place    | Note
-------+----------+-------------------------------------------
     0 | D:1      | CanOfBees the Deep Elf Wizard began the quest for the Orb.
     0 | D:1      | Reached XP level 1. HP: 10/10 MP: 7/7
   505 | D:1      | Reached XP level 2. HP: 15/15 MP: 5/9
   509 | D:1      | Learned a level 2 spell: Call Imp
  1674 | D:1      | Learned a level 2 spell: Slow
  1709 | D:2      | Reached XP level 3. HP: 20/20 MP: 9/11
  3269 | D:3      | Learned a level 3 spell: Conjure Flame
  3336 | D:3      | Noticed Grinder
  4271 | D:3      | Learned a level 3 spell: Mephitic Cloud
  4569 | D:3      | Reached skill level 1 in Fighting
  4751 | D:3      | Noticed Ijyb
  4801 | D:3      | Killed Ijyb
  4801 | D:3      | Reached XP level 4. HP: 12/25 MP: 4/12
  5166 | D:3      | Slain by Grinder

Levels and vault maps discovered:
D:1:      dpeg_arrival_prison, layout_loops_ring
D:2:      layout_loops_cross
D:3:      layout_basic, first_ration, uniq_ijyb, uniq_grinder

Skill      XL: |  1  2  3  4 |
---------------+-------------+-----
Stealth        | 3 |  3.0
Dodging        | 3 |  3.0
Summonings     | 2 |  2.3
Fighting       | 1 |  1.1
Conjurations   | 2 |  2.0
Spellcasting   | |  4.9
Hexes          | |  0.3
Translocations | |  1.1

Action                   |  1- 3 |  4- 6 || total
-------------------------+-------+-------++-------
Melee: Short sword       |    28 |     5 ||    33
 Cast: Magic Dart        |   106 |     6 ||   112
       Call Imp          |    13 |     6 ||    19
       Mephitic Cloud    |     1 |     1 ||     2
       Conjure Flame     |     1 |       ||     1
  Use: Scroll            |     3 |       ||     3
       Potion            |     1 |       ||     1
  Eat: Chunk             |    11 |     1 ||    12
Armor: Robe              |     4 |       ||     4
Dodge: Dodged            |    26 |     3 ||    29

Table legend:
 A = Non-vault XP
 B = Vault XP
 C = Vault XP percentage of total XP
 D = Non-vault monster count
 E = Vault monster count
 F = Vault count percentage of total count
                 A         B        C        D         E       F
            +---------+---------+-------+---------+---------+-------
      Total |     101 |      20 |  16.5 |      52 |       3 |   5.5
            +---------+---------+-------+---------+---------+-------
        D:1 |      38 |       2 |   5.0 |      20 |       2 |   9.1
        D:2 |      31 |       0 |   0.0 |      17 |       0 |   0.0
        D:3 |      32 |      18 |  36.0 |      15 |       1 |   6.2
            +---------+---------+-------+---------+---------+-------
